AoeStats
← Asheqer

Arabian Desert

509883242Analyzed
1v1 RM · 2d ago on Sep 28, 2026· 23m 55s· 2 players
Game mode
Random Map
Map size
Tiny (2 player)
Population
200
Speed
Normal
Resources
Standard
Victory
Conquest
Starting age
Dark Age
Ending age
Imperial Age
RankedLock teamsTeams togetherTeam positionsShared explorationLock speedFull tech treeHidden civsTurbo modeCheats
Victory
Defeat
🇬🇧 Franks · United Kingdom
753
+17
🇩🇪 Teutons · Germany
768
-17
Asheqer
10:38 Feudal Age
14:21 Loom
17:04 Castle Age
15:42 Double-Bit Axe
19:26 Bow Saw
22:58 Scale Barding Armor
ACE SAFT
3:06 Loom
11:15 Feudal Age
11:43 Double-Bit Axe
18:58 Castle Age
18:51 Forging
18:42 Scale Mail Armor
23:26 Pikeman
24:06 Squires
Connection lost

Rejoining the realm…

Still unreachable

The connection could not be restored.

Session expired

The server has moved on; the page needs a fresh start.